cohdb
Replays
Latest Replays
All Replays
Popular Replays
Top Player Replays
Match Explorer
How It Works
Community
CoH3 Stats
Reddit
Sign in to upload your games and track your stats! →
Sign in with Steam
Match 40929012
Unlisted
Match 40929012
Overview
Messages
Build Orders
End
Kettenkrad Recon Vehicle
Construct Infanterie Kompanie
MG 42 Machine Gun Team
Selects Terror Battlegroup
Selects Machine Gun Camouflage
Grenadier Squad
Grenadier Squad
Grenadier Squad
Infanterie Officer Quarters
Selects Contempt for the Weak
Grenadier Squad
Construct Panzergrenadier Kompanie
251 Medium Carrier
Medical Station
Selects Propaganda Leaflet Drop
Pak 40 Anti-tank Gun Team
Panzergrenadier Squad
Support Elements
StuG III G Assault Gun
Selects V1 Rocket Strike
Selects No Quarter
Pak 40 Anti-tank Gun Team
jerjawe
MZMZ
0
0
Comments
sign in to comment!
No comments posted yet!